 Dungeon Crawl Stone Soup version 0.28-a0-1395-g4f6bc678fa (webtiles) character file.

Game seed: 14419372792061957497

380 Deminshera the Vexing (level 6, -1/30 (35) HPs)
             Began as a Deep Elf Arcane Marksman on Jan 4, 2022.
             Slain by a wight (11 damage)
             ... on level 3 of the Dungeon.
             The game lasted 00:07:46 (8573 turns).

Deminshera the Vexing (Deep Elf Arcane Marksman)    Turns: 8573, Time: 00:07:46

HP:   -1/30 (35)    AC:  4    Str:  7    XL:     6   Next: 46%
MP:   12/12         EV: 13    Int: 26    God:
Gold: 133           SH:  0    Dex: 15    Spells: 7/11 levels left

rFire   . . .      SeeInvis .   i - +3 spear
rCold   + . .      Faith    .   (no shield)
rNeg    . . .      Spirit   .   j - +2 robe {rC+}
rPois   .          Reflect  .   (no helmet)
rElec   .          Harm     .   (no cloak)
rCorr   .          Rampage  .   (no gloves)
Will    .....                   (no boots)
Stlth   +.........              l - amulet of the acrobat
HPRegen 0.10/turn               h - +6 ring of intelligence
MPRegen 0.13/turn               (no ring)

@: silenced, heavily drained
A: no striking features
a: no special abilities


You were on level 3 of the Dungeon.
You visited 1 branch of the dungeon, and saw 4 of its levels.

You collected 133 gold pieces.

Inventory:

Hand Weapons
 d - a +0 shortbow
 i - a +3 spear (weapon)
Missiles
 c - 29 arrows
 p - 2 throwing nets (quivered)
Armour
 j - a +2 robe of cold resistance (worn)
Jewellery
 h - a +6 ring of intelligence (left hand)
 l - an amulet of the acrobat (around neck)
 m - a ring of protection from fire
Scrolls
 a - a scroll of identify {unknown}
 g - a scroll of enchant armour


   Skills:
 - Level 2.0 Fighting
 + Level 4.7 Bows
 - Level 3.0 Dodging
 + Level 2.1 Stealth
 + Level 1.1 Unarmed Combat
 - Level 3.0 Spellcasting
 + Level 5.5 Hexes
 + Level 2.8 Fire Magic


You had 7 spell levels left.
You knew the following spells:

 Your Spells              Type           Power      Damage    Failure   Level
a - Slow                  Hex            100%       N/A       1%          1
b - Inner Flame           Hex/Fire       25%        N/A       4%          3

Your spell library contained the following spells:

 Spells                   Type           Power      Damage    Failure   Level
 Portal Projectile        Hex/Tloc       36%        N/A       9%          3
 Pain                     Necr           12%        1d4       10%         1
 Shock                    Conj/Air       12%        1d3       10%         1
 Cause Fear               Hex            16%        N/A       10%         4
 Blink                    Tloc           6%         N/A       14%         2
 Swiftness                Air            3%         N/A       28%         3
 Airstrike                Air            1%         N/A       67%         4
 Agony                    Necr           3%         N/A       95%         5
 Excruciating Wounds      Necr           1%         N/A       95%         5
 Manifold Assault         Tloc           3%         N/A       95%         5
 Storm Form               Tmut/Air       1%         N/A       100%        7


Dungeon Overview and Level Annotations

Branches:
Dungeon (4/15)
 Temple: D:4-7

Altars:


Message History

You start waiting.
Done waiting.
c - 24 arrows (gained 1)
Things that are here:
a +0 hand axe; a +2 robe of the Archmagi
c - 25 arrows (gained 1)
c - 26 arrows (gained 1)
c - 27 arrows (gained 1)
c - 29 arrows (gained 2) Done exploring.
Done exploring.
There is a stone staircase leading down here.
There is a stone staircase leading down here.
You climb downwards.
The wight misses you. The wight hits you with a +0 flail!
There is a stone staircase leading up, spattered with blood here.
The wight hits you with a +0 flail.
You feel drained. The wight hits you but does no damage.
You climb upwards.
There is a stone staircase leading down here.
You aren't carrying any potions.
As you read the scroll labelled CUNGEMMONNU, it crumbles to dust.
It is a scroll of enchant armour.
Your +1 robe of cold resistance glows green for a moment.
The wight closely misses you. The wight hits you but does no damage.
As you read the scroll labelled AFFOOCSASHECH, it crumbles to dust.
You assume a fearsome visage.
The wight is unaffected. x2
It was a scroll of fear.
The wight misses you. The wight hits you with a +0 hand axe.
You feel drained.
As you read the scroll labelled CUIXIJ JESK, it crumbles to dust.
A profound silence engulfs you.
It was a scroll of silence.
The wight closely misses you. The wight barely misses you.
Magic scrolls do not work when you're silenced!
Really attack while wielding your +0 shortbow? [Y]es or [N]o only, please.
Really attack while wielding your +0 shortbow?
Okay, then.
i - a +3 spear (weapon)
The wight hits you with a +0 flail.
You feel drained. The wight hits you with a +0 hand axe!
You die...

.........# #.....##########.#
.........# #..............#.#
########.# #......######....#
########.######........#########
).............+...........#
########.######...........# .#
#####.## ####'#......#
.###......########(#......#
...............z@#.#......#
#####
)....###...#####z#[#......#
#.... #.#### #.#.##
#.#.##########'### #.#
###'#..####.#.# #.........<# #.#
#.............###........... #.#
#......####.#...'.........## #.#
#.......# #.#.###.........# #.#
#.....#.###.#.# #.........# ..#
###......##.#.# #.........#


You could see 2 wights.

Vanquished Creatures
  A black bear (D:3)
  4 wights
  2 orc wizards (D:3)
  An adder (D:3)
  3 dart slugs
  2 orcs (D:3)
  4 bats
  5 endoplasms
  2 giant cockroaches (D:1)
  6 goblins
  5 hobgoblins
  5 jackals
  3 quokkas
  6 ball pythons
  4 kobolds
  5 rats
58 creatures vanquished.

Notes
Turn   | Place    | Note
-------+----------+-------------------------------------------
     0 | D:1      | Deminshera the Deep Elf Arcane Marksman began the quest for
                  | the Orb.
     0 | D:1      | Reached XP level 1. HP: 11/11 MP: 5/5
   440 | D:1      | Reached skill level 1 in Fighting
   474 | D:1      | Reached XP level 2. HP: 16/16 MP: 6/6
  1251 | D:1      | Found a faded altar of an unknown god.
  1303 | D:1      | Reached XP level 3. HP: 20/20 MP: 8/8
  1307 | D:1      | Learned a level 3 spell: Inner Flame
  4180 | D:2      | Reached skill level 1 in Fire Magic
  4180 | D:2      | Reached XP level 4. HP: 10/26 MP: 7/9
  4537 | D:3      | Reached skill level 5 in Hexes
  4843 | D:2      | Reached XP level 5. HP: 22/30 MP: 7/10
  5290 | D:3      | Noticed a black bear
  5317 | D:3      | Killed a black bear
  5318 | D:3      | Reached skill level 1 in Stealth
  5499 | D:3      | Reached XP level 6. HP: 35/35 MP: 12/12
  6728 | D:3      | Reached skill level 1 in Unarmed Combat
  8573 | D:3      | Slain by a wight

Illustrated notes

Levels and vault maps discovered:
D:1:      scummos_arrival_star, layout_basic, ebering_ecumenical_altar_webs,
          serial_bayou_pond_d
D:2:      layout_basic
D:3:      layout_basic
D:4:      layout_loops_cross, mainiacjoe_overflow_tiny_flanked,
          okawaru_gym_becter

Skill      XL: |  1  2  3  4  5  6 |
---------------+-------------------+-----
Fighting       | 1 2 |  2.0
Bows           | 3 4 |  4.7
Spellcasting   | 2 3 |  3.0
Dodging        | 3 |  3.0
Fire Magic     | 1 2 |  2.8
Hexes          | 5 |  5.5
Stealth        | 1 2 |  2.1
Unarmed Combat | 1 |  1.1

Action                   |  1- 3 |  4- 6 || total
-------------------------+-------+-------++-------
Melee: Spear             |       |    13 ||    13
 Fire: Shortbow          |   132 |    55 ||   187
 Cast: Slow              |     7 |    17 ||    24
       Inner Flame       |     6 |    10 ||    16
  Use: Potion            |       |     5 ||     5
       Scroll            |       |     3 ||     3
 Stab: Sleeping          |       |     2 ||     2
Armor: Robe              |     6 |     4 ||    10
Dodge: Dodged            |    46 |    22 ||    68

Table legend: (Time is in decaauts)
 A = Elapsed time spent in this place.
 B = Non-inter-level travel time spent in this place.
 C = Inter-level travel time spent in this place.
 D = Time resting spent in this place.
 E = Time spent auto-exploring this place.
 F = Levels seen in this place.
 G = Mean time per level.
                   A        B        C        D        E       F      G
               +--------+--------+--------+--------+--------+-----+--------+
         Total |   8586 |   8450 |    136 |   5376 |   2352 |   4 | 2146.5 |
       Dungeon |   8586 |   8450 |    136 |   5376 |   2352 |   4 | 2146.5 |
               +--------+--------+--------+--------+--------+-----+--------+

Top non-repeatable levels by time:
     D:3: 3371 daAuts
     D:1: 2627 daAuts
     D:2: 2579 daAuts
     D:4: 9 daAuts
